 Dungeon Crawl Stone Soup version 0.22-a0-425-g89d60a1 (webtiles) character file.

11353 KristoblXynda the Carver (level 11, -3/79 HPs)
             Began as a White Draconian Gladiator on May 24, 2018.
             Was a Believer of Ashenzari.
             Slain by an orc warrior
             ... wielding a +0 short sword
              (13 damage)
             ... on level 10 of the Dungeon.
             The game lasted 00:23:43 (14639 turns).

KristoblXynda the Carver (DrGl)                    Turns: 14639, Time: 00:23:44

Health: -3/79      AC: 13    Str: 15    XL:     11   Next: 48%
Magic:  16/16      EV: 17    Int: 16    God:    Ashenzari [**....]
Gold:   289        SH:  0    Dex: 12    Spells: 10/10 levels left

rFire    . . .     SeeInvis .   a - +2 long sword
rCold    + . .     Gourm    .   (no shield)
rNeg     . . .     Faith    .   (armour unavailable)
rPois    .         Spirit   .   b - +1 hat
rElec    +         Reflect  .   k - +0 cloak
rCorr    +         Harm     .   v - +0 pair of gloves of Free Expression {rElec Str-2 Int+4} (curse)
MR       .....                  m - +2 pair of boots of the Assassin {Detection Stab+ Stlth++} (curse)
Stlth    +++++.....             (no amulet)
HPRegen  0.23/turn              e - ring of resist corrosion
MPRegen  0.15/turn              (no ring)

@: no status effects
A: breathe frost, unfitting armour, cold resistance 1, cold-blooded, AC +7
a: Breathe Frost, Curse Item, Scrying, Renounce Religion


You were on level 10 of the Dungeon.
You worshipped Ashenzari.
Ashenzari was pleased with you.
You were not hungry.

You visited 2 branches of the dungeon, and saw 11 of its levels.
You also visited: Sewer.

You collected 493 gold pieces.
You spent 204 gold pieces at shops.

Inventory:

Hand Weapons
 a - a +2 long sword (weapon)
Missiles
 c - a throwing net (quivered)
 x - 7 javelins
Armour
 b - a +1 hat (worn)
 k - a +0 cloak (worn)
 m - the cursed +2 pair of boots of the Assassin (worn) {Detection Stab+ Stlth++}
   (You found it on level 7 of the Dungeon)

   It makes you much more stealthy.
   It has a curse placed upon it.
 v - the cursed +0 pair of gloves of Free Expression (worn) {rElec Str-2 Int+4}
   (You found it on level 6 of the Dungeon)

   It affects your strength (-2).
   It affects your intelligence (+4).
   It insulates you from electricity.
   It has a curse placed upon it.
 y - a scarf of cloud immunity
Jewellery
 e - a ring of resist corrosion (left hand)
Wands
 h - a wand of flame (62)
 q - a wand of disintegration (2)
 w - a wand of paralysis (15)
Scrolls
 i - 2 scrolls of enchant weapon
 j - a scroll of fog
 p - 4 scrolls of teleportation
 t - 2 scrolls of immolation
 u - 3 scrolls of holy word {unknown}
 A - a scroll of amnesia
Potions
 f - 2 potions of haste
 g - 3 potions of agility
 l - a potion of cancellation {unknown}
 n - 3 potions of flight
 o - 2 potions of mutation {unknown}
 r - 2 potions of might
 s - a potion of brilliance {unknown}
 z - a potion of ambrosia
 B - a potion of berserk rage {unknown}
 C - 2 potions of curing
Comestibles
 d - 15 rations


   Skills:
 - Level 2.1 Fighting
 + Level 12.0 Long Blades
 - Level 2.0 Throwing
 + Level 9.4 Dodging
 + Level 7.0 Stealth
 + Level 7.0 Evocations


You had 10 spell levels left.
You didn't know any spells.
Your spell library was empty.

Dungeon Overview and Level Annotations

Branches:
Dungeon (10/15)            Temple (1/1) D:7             Orc (0/2) D:10
   Lair: D:8-11

Altars:
Ashenzari
Cheibriados
Dithmenos
Elyvilon
Fedhas
Gozag
Hepliaklqana
Kikubaaqudgha
Makhleb
Nemelex Xobeh
Okawaru
Qazlal
Ru
Sif Muna
Trog
Uskayaw
Vehumet
Wu Jian
Xom
Yredelemnul
Zin
The Shining One

Shops:
D:4 !   D:6 [


Innate Abilities, Weirdness & Mutations

You can breathe waves of freezing cold.
You can buffet flying creatures when you breathe cold.
Your icy white scales are hard. (AC +7)
You cannot fit into any form of body armour.
Your flesh is cold resistant. (rC+)
You are cold-blooded and may be slowed by cold attacks.


Message History

The warg bites you.
* * * LOW HITPOINT WARNING * * *
You slash the warg!
Your tail-slap misses the warg.
The warg is almost dead.
The warg misses you.
You slash the warg!
You kill the warg!
You hit the orc warrior but do no damage.
The orc warrior is lightly wounded.
You hit the orc warrior but do no damage.
The orc warrior is lightly wounded.
The orc warrior misses you.
You barely miss the orc warrior.
The orc warrior is lightly wounded.
The orc warrior hits you with a short sword!
* * * LOW HITPOINT WARNING * * *
You barely miss the orc warrior.
The orc warrior is lightly wounded.
The orc warrior hits you with a short sword!
You die...

#.#..# #.#.# #.#.#..####
#.#..# #.#.####.#.#..#
#.#..# #.............#
#.#..########........#.##
,#.......# #.####......#
,#....†..# #.# #......#
*,#.......# ##########..#
,#.......###...## #..#
#...).†oo@'....# #..#
#.......###...## #..#
#.......# ..# #..####
#.......#* * ## #.....÷ *
#.......# ,* ##.####
....####.., #.# *###.*
#.>. #.# # * #.. , #.# ,
#.#


You could see an orc warrior and an orc.

Vanquished Creatures
  Erolcha (D:9)
  3 two-headed ogres
  2 trolls (D:9)
  25 yaks
  The ghost of KristoblXynda the Chopper, an amateur DDGl (D:6)
  A steam dragon (D:10)
  2 wargs (D:10)
  A soldier ant (D:8)
  3 orc warriors
  2 sky beasts (D:5)
  A phantom (D:8)
  3 ice beasts (D:10)
  A black bear (D:9)
  4 ogres
  2 centaurs
  A necrophage (D:8)
  2 big kobolds
  6 bullfrogs
  4 killer bees (D:7)
  3 scorpions
  2 howler monkeys
  A crimson imp (D:7)
  3 orc priests
  5 hounds
  10 orc wizards
  2 centaur skeletons
  A jelly (D:6)
  A bullfrog skeleton (D:6)
  A gnoll shaman (D:6)
  Natasha (thrice) (D:3)
  4 iguanas
  11 worker ants
  A hound zombie (D:4)
  A hound skeleton (D:4)
  A howler monkey zombie (D:5)
  3 worker ant zombies
  3 gnolls (D:6)
  8 adders
  A river rat (Sewer)
  3 shadow imps
  2 oozes
  An adder zombie (D:5)
  3 worms
  6 dart slugs
  11 leopard geckos
  30 orcs
  9 bats
  8 giant cockroaches
  7 hobgoblins
  10 jackals
  12 kobolds
  5 quokkas
  2 ball pythons (D:1)
  11 frilled lizards
  A giant cockroach zombie (D:4)
  2 goblins
  A leopard gecko skeleton (D:4)
  A leopard gecko zombie (D:6)
  13 rats
268 creatures vanquished.

Notes
Turn   | Place    | Note
-------+----------+-------------------------------------------
     0 | D:1      | KristoblXynda the Draconian Gladiator began the quest for the Orb.
     0 | D:1      | Reached XP level 1. HP: 17/17 MP: 1/1
   144 | D:1      | Reached XP level 2. HP: 21/24 MP: 2/2
   455 | D:1      | Reached XP level 3. HP: 29/29 MP: 3/3
   880 | D:2      | Found a stormy altar of Qazlal.
   961 | D:2      | Reached skill level 4 in Long Blades
  1136 | D:2      | Found a blossoming altar of Fedhas.
  1882 | D:3      | Found a shattered altar of Ashenzari.
  1905 | D:3      | Reached XP level 4. HP: 29/36 MP: 4/4
  1917 | D:3      | Became a worshipper of Ashenzari the Shackled
  2008 | D:3      | Noticed Natasha
  2017 | D:3      | Killed Natasha
  2063 | D:3      | Noticed an ogre
  2074 | D:3      | Killed an ogre
  2074 | D:3      | Reached skill level 5 in Long Blades
  2074 | D:3      | Reached XP level 5. HP: 23/41 MP: 5/5
  2550 | D:3      | Found a shadowy altar of Dithmenos.
  2613 | D:3      | Found a hazy altar of Hepliaklqana.
  2615 | D:3      | Found a shimmering altar of Xom.
  2615 | D:3      | Found a snail-covered altar of Cheibriados.
  2631 | D:3      | Reached XP level 6. HP: 44/48 MP: 6/6
  2636 | D:3      | Found an ornate altar of the Wu Jian Council.
  2636 | D:3      | Found a shimmering altar of Xom.
  2636 | D:3      | Found a snail-covered altar of Cheibriados.
  2893 | D:3      | Noticed Natasha
  2901 | D:3      | Killed Natasha
  2929 | D:3      | Noticed Natasha
  2938 | D:3      | Killed Natasha
  2968 | D:4      | Reached skill level 6 in Long Blades
  3154 | D:4      | Found a glowing drain.
  3161 | Sewer    | Entered a sewer
  3364 | Sewer    | Found a white marble altar of Elyvilon.
  3521 | D:4      | Your scales start taking on an icy white colour.
  3521 | D:4      | Reached XP level 7. HP: 16/55 MP: 7/7
  3521 | D:4      | Gained mutation: Your flesh is cold resistant. (rC+) [White Draconian growth]
  3901 | D:4      | Reached skill level 7 in Long Blades
  3994 | D:4      | Found Coizeiwe's Distillery.
  4020 | D:4      | Bought a potion of lignification for 39 gold pieces
  4077 | D:4      | Reached skill level 5 in Dodging
  4317 | D:5      | Entered Level 5 of the Dungeon
  4609 | D:5      | Reached skill level 8 in Long Blades
  5017 | D:5      | Reached XP level 8. HP: 54/61 MP: 8/8
  5123 | D:5      | Found an ancient bone altar of Kikubaaqudgha.
  5283 | D:5      | Reached * piety under Ashenzari
  5366 | D:5      | Found a deep blue altar of Sif Muna.
  5435 | D:6      | Got the cursed pair of gloves of Free Expression {rElec Str-2 Int+4}
  5496 | D:6      | Identified the cursed +0 pair of gloves of Free Expression {rElec Str-2 Int+4} (You found it on level 6 of the Dungeon)
  5771 | D:6      | Noticed KristoblXynda's ghost (amateur DDGl)
  5801 | D:6      | Killed KristoblXynda's ghost
  5801 | D:6      | Reached skill level 9 in Long Blades
  6552 | D:6      | Found Fuyschudgh's Antique Armour Boutique.
  6560 | D:6      | Bought a pair of glowing boots for 165 gold pieces
  6801 | D:7      | Found a staircase to the Ecumenical Temple.
  6868 | D:7      | Reached skill level 10 in Long Blades
  6888 | D:7      | Reached XP level 9. HP: 24/67 MP: 9/9
  7100 | D:7      | Found the +2 pair of boots of the Assassin {Detection Stab+ Stlth++}
  7235 | D:7      | Found a radiant altar of Vehumet.
  7309 | D:7      | Found a glowing golden altar of the Shining One.
  7429 | D:7      | Reached skill level 1 in Stealth
  7429 | D:7      | Reached skill level 1 in Evocations
  7499 | D:7      | Found an ancient bone altar of Kikubaaqudgha.
  7908 | Temple   | Entered the Ecumenical Temple
  8189 | D:8      | Reached ** piety under Ashenzari
  8391 | D:9      | Noticed a two-headed ogre
  8397 | D:9      | Killed a two-headed ogre
  9359 | D:8      | Reached XP level 10. HP: 35/73 MP: 11/13
 10301 | D:9      | Reached skill level 11 in Long Blades
 11078 | D:9      | Reached skill level 5 in Stealth
 11078 | D:9      | Reached skill level 5 in Evocations
 11334 | D:9      | Noticed Erolcha
 11337 | D:9      | Noticed a two-headed ogre
 11463 | D:9      | Killed Erolcha
 11499 | D:9      | Killed a two-headed ogre
 11824 | D:10     | Entered Level 10 of the Dungeon
 11874 | D:10     | Reached XP level 11. HP: 41/79 MP: 15/15
 12416 | D:10     | Noticed a two-headed ogre
 13301 | D:10     | Killed a two-headed ogre
 14183 | D:10     | Reached skill level 12 in Long Blades
 14610 | D:10     | Found a staircase to the Orcish Mines.
 14639 | D:10     | Slain by an orc warrior

Vault maps used:
D:1:      lemuel_arrival_lava_pool, st_stairs_3, minmay_lizard_king
D:2:      nicolae_qazlal_general_emergency, lemuel_crystal_altar
D:3:      lemuel_round_altar, doesnt_xom_only_xom,
          nicolae_overflow_crystal_walls, first_ration, uniq_natasha
D:4:      serial_undead, serial_undead_e, serial_undead_a, serial_undead_f,
          serial_undead_b, gup_sewer_entry_bubbles, serial_shops,
          nicolae_shop_waterfront
D:5:      led_sif_pool, basic_altar
D:6:      serial_shops, shop
D:7:      kennysheep_mini, vehumet_crystals, kennysheep_little_box,
          minmay_temple_entry_overgrown
D:8:      blue_anna_alchemist
D:9:      uniq_erolcha
D:10:     minmay_orc_entry_guard_dogs
Temple:   cyrus_circular_temple
Sewer:    sewer_kobolds

Skill      XL: |  1  2  3  4  5  6  7  8  9 10 11 |
---------------+----------------------------------+-----
Throwing       | 2 |  2.0
Dodging        | 3 4 5 6 7 8 9 |  9.4
Long Blades    | 4 5 6 8 10 11 12 | 12.0
Stealth        | 4 6 7 |  7.0
Evocations     | 4 6 7 |  7.0
Fighting       | |  2.1

Action                   |  1- 3 |  4- 6 |  7- 9 | 10-12 || total
-------------------------+-------+-------+-------+-------++-------
Melee: Long sword        |   109 |   214 |   462 |   448 ||  1233
       Tailslap          |     9 |    29 |    64 |    67 ||   169
Throw: Throwing net      |       |     2 |     1 |       ||     3
Invok: Curse Item        |       |       |     2 |       ||     2
 Abil: Breathe Frost     |       |       |     3 |    12 ||    15
Evoke: Wand              |       |       |     6 |    17 ||    23
  Use: Scroll            |       |     8 |     7 |     3 ||    18
       Potion            |       |       |     6 |     1 ||     7
 Stab: Sleeping          |       |     2 |     5 |     3 ||    10
       Paralysed         |       |       |     2 |     3 ||     5
       Held in net/web   |       |       |     1 |       ||     1
  Eat: Chunk             |     1 |     2 |     7 |     7 ||    17
       Ration            |     1 |     1 |     4 |     4 ||    10
Armor: Skin              |    39 |    47 |   133 |    97 ||   316
Dodge: Dodged            |   108 |   161 |   322 |   285 ||   876
       Rpst.: Long sword |    41 |    44 |   106 |    81 ||   272

Table legend:
 A = Spawn XP
 B = Non-spawn XP
 C = Spawn XP percentage of total XP
 D = Spawn monster count
 E = Non-spawn monster count
 F = Spawn count percentage of total count
 G = Total turns spent on level
                    A         B        C        D         E        F      G
               +---------+---------+-------+---------+---------+-------+---------
         Total |       0 |   16219 |   0.0 |       0 |     268 |   0.0 | 14639
               +---------+---------+-------+---------+---------+-------+---------
           D:1 |       0 |      48 |   0.0 |       0 |      29 |   0.0 |   686
           D:2 |       0 |      20 |   0.0 |       0 |      12 |   0.0 |  1082
           D:3 |       0 |     389 |   0.0 |       0 |      46 |   0.0 |  1189
           D:4 |       0 |     452 |   0.0 |       0 |      27 |   0.0 |  1103
           D:5 |       0 |     561 |   0.0 |       0 |      25 |   0.0 |  1112
           D:6 |       0 |     757 |   0.0 |       0 |      19 |   0.0 |  1372
           D:7 |       0 |    1009 |   0.0 |       0 |      20 |   0.0 |  1125
           D:8 |       0 |    2439 |   0.0 |       0 |      27 |   0.0 |  2849
           D:9 |       0 |    4946 |   0.0 |       0 |      22 |   0.0 |  1615
          D:10 |       0 |    5476 |   0.0 |       0 |      30 |   0.0 |  2196
         Sewer |       0 |     122 |   0.0 |       0 |      11 |   0.0 |   257
               +---------+---------+-------+---------+---------+-------+---------
